 Dungeon Crawl Stone Soup version 0.19.5 (webtiles) character file.

112 Azzok the Archer (level 4, -3/36 HPs)
             Began as a Centaur Hunter on June 22, 2017.
             Slain by Azzok's ghost (4 damage)
             ... on level 3 of the Dungeon.
             The game lasted 00:05:01 (2325 turns).

Azzok the Archer (Centaur Hunter)                   Turns: 2325, Time: 00:05:02

Health: -3/36      AC: 10    Str: 15    XL:     4   Next: 63%
Magic:  4/4        EV:  8    Int: 10    God:
Gold:   131        SH:  0    Dex: 10    Spells: 0 memorised, 3 levels left

rFire  . . .     SeeInvis .     a - +1 shortbow
rCold  . . .     Gourm    .     j - +0 ring mail
rNeg   . . .     Faith    .     (shield currently unavailable)
rPois  .         Spirit   .     (no helmet)
rElec  .         Reflect  .     (no cloak)
rCorr  .         Harm     .     (no gloves)
MR     .....                    (no barding)
Stlth  ..........               (no amulet)
                                c - ring of loudness (curse)
                                e - +5 ring of protection

@: very quick
A: hooves 3, deformed body, speed 2, tough skin 3
a: no special abilities


You were on level 3 of the Dungeon.
You were hungry.

You visited 1 branch of the dungeon, and saw 3 of its levels.

You collected 131 gold pieces.

Inventory:

Hand Weapons
 a - a +1 shortbow (weapon)
 b - a +0 short sword
Missiles
 d - 24 arrows (quivered)
Armour
 j - a +0 ring mail (worn)
Jewellery
 c - a cursed ring of loudness (right hand)
 e - a +5 ring of protection (left hand)
Scrolls
 h - 4 scrolls of identify {unknown}
 m - a scroll of noise {unknown}
 n - a scroll of recharging {unknown}
 p - a scroll of fear {unknown}
 u - a scroll of remove curse {unknown}
Potions
 g - a potion of berserk rage {unknown}
 i - a potion of ambrosia {unknown}
 k - 3 potions of curing {unknown}
 o - 2 potions of agility {unknown}
 q - a potion of invisibility {unknown}
 r - a potion of flight {unknown}
 v - a potion of heal wounds {unknown}
Comestibles
 f - 3 bread rations {@e1}
 l - 4 fruits
 s - 2 meat rations {@e2}
 t - 2 chunks of flesh {@w0}


   Skills:
 - Level 2.0 Fighting
 * Level 8.0 Bows
 - Level 1.3 Dodging
 - Level 0.4 Stealth


You had 3 spell levels left.
You didn't know any spells.

Dungeon Overview and Level Annotations

Branches:
Dungeon (3/15)

Altars:

Annotations:
D:3 Azzok's ghost, amateur GrBe


Innate Abilities, Weirdness & Mutations

You have hooves in place of feet.
Armour fits poorly on your strangely shaped body.
You cover ground very quickly.
You have extremely tough skin. (AC +3)


Message History

Firing (i - inventory):
d - 27 arrows (quivered)
Press: ? - help, Shift-Dir - straight line, f/p - Azzok's ghost
Aim: Azzok's ghost (severely damaged)
You shoot an arrow. The arrow hits Azzok's ghost!
Azzok's ghost is almost destroyed.
Azzok's ghost hits you!
* * * LOW HITPOINT WARNING * * *
Firing (i - inventory):
d - 26 arrows (quivered)
Press: ? - help, Shift-Dir - straight line, f/p - Azzok's ghost
Aim: Azzok's ghost (almost destroyed)
You shoot an arrow. The arrow barely misses Azzok's ghost.
Azzok's ghost hits you but does no damage.
Firing (i - inventory):
d - 25 arrows (quivered)
Press: ? - help, Shift-Dir - straight line, f/p - Azzok's ghost
Aim: Azzok's ghost (almost destroyed)
You shoot an arrow.
The arrow hits Azzok's ghost but does no damage.
Azzok's ghost is almost destroyed.
Azzok's ghost hits you.
You die...

▒···········)·▒ ▒·▒▒▒▒▒▒▒▒▒▒▒·▒
▒·▒ ▒·▒ ▒·▒ ▒▒▒▒▒▒▒·▒ ▒·▒
▒·······▒ ▒·▒ ▒·······▒ ▒·▒
▒·······▒
▒▒▒▒▒▒▒▒▒▒▒▒▒▒▒▒·▒▒▒▒▒▒▒▒▒▒▒·▒▒▒▒
(·(···(··(····(W@·····<··········
······)···▒▒▒▒▒▒·▒·▒▒▒▒▒▒▒▒▒·▒▒▒▒
·▒▒▒▒▒▒▒··(······▒·▒▒▒▒▒▒▒▒▒·▒
·(·)······················▒▒·▒
·▒▒▒▒▒▒▒·····(···▒···········▒▒▒▒
·▒ ▒▒'▒▒▒▒▒▒·▒▒▒▒▒▒▒▒··▒▒···▒ ·▒
▒·▒ ▒)▒ ▒▒·▒▒···▒ ·▒▒▒▒▒▒ ▒·▒ ▒)▒
▒··▒···▒ ·· ···▒ ▒·▒ ▒·▒ ▒▒·▒···▒


You could see Azzok's ghost.

Vanquished Creatures
  An orc wizard (D:3)
  3 adders
  2 dart slugs (D:2)
  A leopard gecko (D:2)
  4 orcs (D:3)
  5 bats
  5 giant cockroaches
  6 goblins
  3 hobgoblins
  8 kobolds
  3 quokkas (D:2)
  2 ball pythons (D:1)
  2 frilled lizards (D:1)
  A rat (D:3)
46 creatures vanquished.

Notes
Turn   | Place    | Note
-------+----------+-------------------------------------------
     0 | D:1      | Azzok the Centaur Hunter began the quest for the Orb.
     0 | D:1      | Reached XP level 1. HP: 17/17 MP: 1/1
   222 | D:1      | Reached XP level 2. HP: 23/24 MP: 2/2
   258 | D:1      | Reached skill level 6 in Bows
   939 | D:2      | Reached XP level 3. HP: 29/29 MP: 3/3
  1241 | D:2      | Reached skill level 7 in Bows
  1798 | D:3      | Reached XP level 4. HP: 36/36 MP: 4/4
  2087 | D:3      | Reached skill level 8 in Bows
  2266 | D:3      | Noticed Azzok's ghost (amateur GrBe)
  2323 | D:3      | HP: 1/36 [Azzok's ghost (9)]
  2325 | D:3      | Slain by Azzok's ghost

Skill      XL: |  1  2  3  4 |
---------------+-------------+-----
Bows           | 6 7 8 |  8.0
Fighting       | |  2.0
Dodging        | |  1.3
Stealth        | |  0.4

Action                   |  1- 3 |  4- 6 || total
-------------------------+-------+-------++-------
Melee: Short sword       |   171 |    39 ||   210
       Kick              |    29 |     9 ||    38
 Fire: Shortbow          |     6 |    30 ||    36
  Eat: Chunk             |     2 |     1 ||     3
Armor: Leather armour    |    14 |       ||    14
       Ring mail         |    94 |    28 ||   122
Dodge: Dodged            |    82 |    13 ||    95
